Map: Blueshift LE

Players

IIIIIIIIIIII

  • Race: Protoss Protoss
  • League: Master
  • Spawn Location: 1:00

Lambo - Winner!

  • Race: Zerg Zerg
  • League: Grandmaster
  • Spawn Location: 7:00

VOD

Have the link to the VOD?

Description

Time

  • Played on: Dec. 16, 2018, 8:51 a.m.
  • Length: 10:14
Show
View Real Time Build Order
Export as new Build Order

IIIIIIIIIIII Protoss 

Build Orders: 1 Gate Expand, Oracle Opening, Phoenix Opening, Chargelot Immortal 

Get SALT Encoding   

  12  0:00  Probe  
  13  0:13  Probe  
  14  0:19  Pylon  
  14  0:25  Probe  
  15  0:33  Probe  
  15  0:39  Gateway  
  15  0:42  Probe  
  16  0:47  Assimilator  
  17  0:52  Probe  
  18  1:04  Probe  
  19  1:20  Nexus  
  19  1:23  Probe  
  20  1:33  Cybernetics Core  
  20  1:36  Probe  
  21  1:41  Assimilator  
  21  1:48  Probe  
  21  1:50  Pylon  
  22  2:00  Adept  
  22  2:01  Probe  
  23  2:13  Probe  
  26  2:18  Adept  
  26  2:22  Stargate  
  26  2:25  Probe  
  26  2:28  Probe  
  29  2:36  Probe, Warp Gate  
  30  2:37  Probe  
  32  2:44  Adept  
  32  2:46  Probe  
  32  2:49  Probe  
  36  2:58  Probe  
  36  3:01  Probe, Phoenix  
  36  3:05  Gateway  
  38  3:11  Probe  
  41  3:13  Probe  
  41  3:19  Oracle, Pylon  
  42  3:23  Probe  
  43  3:32  Pylon  
  46  3:35  Assimilator  
  46  3:37  Probe x2  
  48  3:42  Gateway  
  48  3:47  Assimilator  
  48  3:49  Probe x2  
  48  3:54  Oracle  
  50  3:55  Pylon  
  50  4:01  Probe x2  
  55  4:10  Robotics Facility  
  55  4:13  Probe x2  
  57  4:25  Probe  
  57  4:26  Oracle  
  57  4:29  Pylon  
  59  4:37  Probe  
  59  4:38  Adept  
  64  4:39  Adept x2  
  70  4:57  Nexus  
  70  4:59  Adept x3  
  74  5:01  Observer  
  74  5:02  Probe  
  76  5:10  Pylon  
  76  5:13  Twilight Council  
  76  5:16  Forge  
  76  5:17  Probe  
  76  5:18  Probe  
  78  5:29  Probe  
  78  5:31  Probe  
  77  5:36  Immortal  
  77  5:41  Probe, Protoss Ground Weapons Level 1  
  74  5:43  Sentry, Probe, Zealot x2  
  74  5:44  Charge  
  79  5:53  Probe  
  79  5:55  Probe  
  75  6:04  Sentry  
  75  6:05  Probe, Zealot  
  75  6:07  Zealot  
  75  6:08  Immortal  
  84  6:15  Gateway  
  84  6:18  Gateway  
  86  6:24  Gateway  
  86  6:27  Templar Archives  
  86  6:28  Probe  
  86  6:30  Probe  
  86  6:31  Probe  
  89  6:38  Probe  
  89  6:39  Sentry, Probe  
  87  6:40  Probe  
  87  6:46  Probe  
  90  6:47  Probe  
  90  6:49  Immortal  
  90  6:52  Probe  
  97  6:56  Probe  
  97  6:57  Probe  
  99  7:04  Probe, Assimilator  
  99  7:06  Psionic Storm, Assimilator  
  100  7:08  Probe  
  100  7:09  Probe  
  101  7:19  Gateway x2  
  101  7:22  Pylon  
  101  7:23  Pylon x2  
  101  7:27  Immortal  
  101  7:33  Protoss Ground Weapons Level 2  
  101  7:41  High Templar x2  
  101  7:42  Probe  
  101  7:43  High Templar  
  112  7:44  Zealot x3  
  118  7:53  Photon Cannon  
  118  7:56  Probe, Photon Cannon, Pylon  
  118  7:57  Probe  
  120  8:01  Phoenix  
  122  8:08  Stargate  
  122  8:10  Pylon  
  122  8:11  Photon Cannon, Pylon  
  122  8:17  Archon  
  114  8:20  Phoenix  
  114  8:22  Stalker x4  
  114  8:23  Probe  
  121  8:33  Probe  
  116  8:36  Stalker x3  
  116  8:37  Phoenix  
  116  8:39  Probe  
  118  8:42  Probe  
  118  8:44  Phoenix  
  114  8:55  Phoenix  
  114  8:59  Immortal  
  114  9:00  High Templar  
  114  9:01  Shield Battery  
  122  9:07  Zealot  
  122  9:09  Sentry, Zealot x2  
  130  9:13  Phoenix  
  132  9:23  Phoenix  
  134  9:30  Shield Battery  
  134  9:31  Immortal  
  134  9:33  Shield Battery  
  126  9:48  Phoenix  
  118  10:01  Stalker x4  
  116  10:12  Pylon  
Show
View Real Time Build Order
Export as new Build Order

Lambo Zerg - Winner!

Build Orders: Hatch First 

Get SALT Encoding   

  12  0:00  Drone  
  13  0:12  Overlord  
  13  0:16  Drone  
  14  0:30  Drone x2  
  16  0:47  Hatchery  
  15  0:51  Drone  
  15  0:54  Drone  
  17  0:57  Drone  
  18  1:07  Extractor  
  17  1:12  Spawning Pool  
  17  1:17  Drone  
  17  1:19  Drone  
  18  1:27  Drone  
  19  1:40  Drone  
  20  1:54  Overlord  
  20  1:59  Queen x2  
  20  2:00  Zergling x4  
  26  2:11  Drone  
  26  2:14  Drone, Metabolic Boost  
  28  2:21  Drone  
  28  2:22  Drone  
  30  2:36  Hatchery  
  29  2:40  Zergling x4  
  31  2:47  Queen  
  33  2:51  Overlord  
  33  2:55  Zergling x2  
  33  2:57  Drone  
  35  3:02  Drone  
  36  3:10  Drone x2  
  36  3:11  Drone x2  
  40  3:15  Drone  
  40  3:17  Overlord  
  40  3:18  Drone  
  42  3:24  Drone x2  
  44  3:35  Queen  
  44  3:36  Overlord  
  44  3:37  Drone x2  
  48  3:41  Drone  
  49  3:50  Spore Crawler, Drone  
  49  3:53  Queen  
  49  3:54  Drone  
  49  3:55  Spore Crawler  
  50  3:59  Drone x2  
  50  4:01  Zergling x2  
  50  4:02  Drone  
  53  4:05  Overlord  
  53  4:06  Drone  
  53  4:07  Drone  
  56  4:10  Drone  
  56  4:14  Drone  
  56  4:16  Spore Crawler x2  
  55  4:17  Drone  
  55  4:20  Drone  
  55  4:23  Drone x2  
  60  4:27  Overlord  
  60  4:28  Drone  
  60  4:29  Roach Warren  
  60  4:31  Drone  
  60  4:35  Overlord  
  60  4:37  Drone x2  
  62  4:40  Drone  
  62  4:42  Extractor  
  62  4:44  Extractor  
  62  4:45  Zergling x8  
  63  4:46  Zergling x2  
  63  4:51  Overlord  
  66  4:53  Lair  
  66  4:56  Zergling x4  
  66  4:59  Spore Crawler  
  67  5:00  Drone x2  
  67  5:04  Drone  
  69  5:11  Zergling x4  
  69  5:12  Zergling x2  
  72  5:15  Roach x3  
  78  5:23  Roach x4  
  82  5:29  Roach x2  
  82  5:35  Zergling x8  
  87  5:36  Zergling x2  
  85  5:43  Drone x4  
  85  5:45  Drone  
  85  5:49  Drone  
  89  5:51  Drone  
  89  5:57  Extractor, Spire  
  89  5:58  Drone x2  
  89  6:01  Drone x2  
  89  6:02  Overlord  
  89  6:03  Overlord  
  90  6:06  Extractor  
  90  6:07  Extractor  
  90  6:08  Overlord  
  90  6:09  Drone  
  89  6:14  Evolution Chamber  
  88  6:20  Drone x2  
  88  6:21  Drone  
  88  6:24  Drone x3  
  88  6:25  Hatchery  
  93  6:27  Drone x3  
  96  6:37  Drone x2  
  98  6:42  Drone x2  
  98  6:46  Zerg Melee Weapons Level 1  
  97  6:52  Overlord  
  97  6:58  Extractor  
  96  7:02  Extractor  
  93  7:15  Zerg Flyer Weapons Level 1  
  93  7:17  Mutalisk x8  
  109  7:24  Mutalisk  
  109  7:28  Drone x2  
  109  7:29  Drone  
  114  7:30  Queen  
  114  7:31  Mutalisk  
  114  7:33  Overlord  
  114  7:36  Overlord  
  114  7:37  Mutalisk  
  118  7:40  Overlord  
  118  7:41  Mutalisk, Hatchery  
  121  7:47  Mutalisk  
  123  7:52  Drone x4  
  123  7:53  Drone x2  
  123  7:54  Zergling x12  
  134  8:00  Mutalisk x3  
  140  8:07  Mutalisk  
  140  8:09  Overlord, Zergling x2  
  140  8:10  Zergling x8  
  147  8:19  Mutalisk x2  
  151  8:20  Extractor  
  151  8:21  Overlord  
  151  8:22  Extractor  
  151  8:25  Mutalisk  
  151  8:27  Zergling x10  
  152  8:35  Mutalisk x3  
  158  8:49  Mutalisk x3  
  158  8:53  Drone x3  
  158  8:54  Drone x3  
  166  9:00  Queen  
  168  9:03  Mutalisk x2  
  167  9:19  Corruptor x3  
  173  9:28  Overlord  
  173  9:29  Overlord  
  173  9:32  Overlord  
  173  9:35  Hatchery  
  172  9:48  Mutalisk x4  
  172  9:50  Zergling x4  
Tags
 
Add a new tag
Caveats
  • Supply blocks, unpowered buildings, or Contaminate may cause inaccurate times.
  • Supply counts are checked every 10 seconds.